 Dungeon Crawl Stone Soup version 0.31.0-12-g77e489cdc1 (webtiles) character file.

Game seed: 13642714090715859528

83 spaghetti the Magician (level 4, -1/61 HPs)
             Began as an Oni Necromancer on Mar 5, 2024.
             Slain by an orc wizard
             ... wielding a +2 dagger of venom
              (2 damage)
             ... on level 3 of the Dungeon.
             The game lasted 00:02:39 (2133 turns).

spaghetti the Magician (Oni Necromancer)            Turns: 2133, Time: 00:02:40

Health: -1/61      AC:  4    Str: 12    XL:     4   Next: 44%
Magic:  3/10       EV:  9    Int: 18    God:
Gold:   81         SH:  0    Dex:  9    Spells: 10/11 levels left

rFire   + . .        (no weapon)
rCold   + . .        (no shield)
rNeg    . . .        a - +0 robe
rPois   +            (helmet restricted)
rElec   +            k - +0 cloak
rCorr   +            (gloves unavailable)
SInv    .            (boots unavailable)
Will    .....        (no amulet) Stlth
                     (no ring)
HPRegen 0.30/turn    (no ring)
MPRegen 0.12/turn

%: no passive effects
@: berserking, lethally poisoned (-1 -> -11), resistant, very slightly
contaminated, very quick
A: large, unfitting armour, horns 1, tough skin 1, double potion healing,
drunken brawling
a: no special abilities


You were on level 3 of the Dungeon.
You visited 1 branch of the dungeon, and saw 3 of its levels.

You collected 81 gold pieces.

Inventory:

Missiles
 g - 4 large rocks
Armour
 a - a +0 robe (worn)
 k - a +0 cloak (worn)
Magical Staves
 h - a staff of fire
Jewellery
 e - a ring of flight
Scrolls
 f - a scroll of noise
Potions
 b - a potion of magic
 c - a potion of brilliance
 j - 2 potions of invisibility
 l - 2 potions of resistance


   Skills:
 + Level 1.0 Fighting
 + Level 1.4 Throwing
 - Level 1.7 Dodging
 - Level 1.4 Stealth
 + Level 4.4 Spellcasting
 + Level 3.7 Necromancy


You had 10 spell levels left.
You knew the following spells:

 Your Spells              Type           Power      Damage    Failure   Level
a - Necrotise             Necr           68%        1d7       3%          1

Your spell library contained the following spells:

 Spells                   Type           Power      Damage    Failure   Level
 Vampiric Draining        Necr           17%        2d7       9%          3
 Cigotuvi's Dreadful Rot  Necr/Alch/Air  16%        N/A       13%         2
 Animate Dead             Necr           17%        N/A       30%         4
 Dispel Undead            Necr           17%        3d10      30%         4
 Martyr's Knell           Necr/Summ      10%        N/A       54%         4
 Curse of Agony           Necr           17%        N/A       63%         5
 Death Channel            Necr           8%         N/A       99%         6


Dungeon Overview and Level Annotations

Branches:
Dungeon (3/15)

Altars:


Innate Abilities, Weirdness & Mutations

You are too large for most types of armour.
You have a pair of small horns on your head.
You have tough skin. (AC +1)
You gain doubled healing and magic from potions.
Whenever you drink a healing potion, you attack all around you.


Message History

Aim: an orc wizard, wielding a +2 dagger of venom and wearing a +0 robe (severely wounded, not watching you, ally target, chance to affect: 75%)
The orc wizard writhes in agony.
You feel very sick.
The orc wizard hits you with a +2 dagger of venom.
You are lethally poisoned!
Casting: Necrotise (safe; 3% risk of failure)
Confirm with . or Enter, or press ? or * to list all spells.
Aiming: Necrotise (safe; 3% risk of failure)
Press: ? - help, Shift-Dir - straight line, f/p - orc wizard
Aim: an orc wizard, wielding a +2 dagger of venom and wearing a +0 robe (severely wounded, ally target, chance to affect: 75%)
You miscast Necrotise.
You are very lightly contaminated with residual magic.
Nothing appears to happen.
You feel very sick.
Your orc skeleton completely misses the orc wizard.
The orc wizard hits you with a +2 dagger of venom.
You are more poisoned.
You feel protected.
* * * LOW HITPOINT WARNING * * *
You feel very sick.
The orc wizard mumbles some strange words.
The orc wizard flickers and vanishes!
Deactivating autopickup; reactivate with Ctrl-A.
Unknown command.
Okay, then.
* * * LOW HITPOINT WARNING * * *
You feel very sick.
You hear some strange, mumbled words.
A puff of flame appears from out of thin air!
The puff of flame hits your orc skeleton!
Your orc skeleton is destroyed!
A red film seems to cover your vision as you go berserk!
You feel yourself moving faster!
You feel mighty!
* * * LOW HITPOINT WARNING * * *
You feel very sick.
You feel a strong urge to attack something.
* * * LOW HITPOINT WARNING * * *
You feel very sick. Something hits you.
You die...

### #.. #.#
#.# # ##.##
#
#.#...###.(.
#....).)?...
###.@.###..
##.## #.#
#.# #.# #..
###


There were no monsters in sight!

Vanquished Creatures
  3 adders (D:2)
  A dart slug (D:1)
  2 orcs
  3 ball pythons (D:1)
  4 bats
  6 endoplasms
  2 giant cockroaches
  5 hobgoblins
  6 quokkas
  2 frilled lizards
  5 goblins
  4 kobolds
  3 rats (D:1)
46 creatures vanquished.

Vanquished Creatures (collateral kills)
  A dart slug (D:2)
1 creature vanquished.

Grand Total: 47 creatures vanquished

Notes
Turn   | Place    | Note
-------+----------+-------------------------------------------
     0 | D:1      | spaghetti the Oni Necromancer began the quest for the Orb.
     0 | D:1      | Reached XP level 1. HP: 16/16 MP: 3/3
   214 | D:1      | Reached skill level 3 in Spellcasting
   265 | D:1      | Reached XP level 2. HP: 24/24 MP: 4/6
   989 | D:1      | Reached XP level 3. HP: 31/31 MP: 6/8
  1221 | D:2      | Reached skill level 4 in Spellcasting
  1412 | D:2      | Reached skill level 1 in Throwing
  1671 | D:2      | Reached XP level 4. HP: 34/40 MP: 2/10
  1982 | D:2      | Reached skill level 1 in Fighting
  2133 | D:3      | HP: 1/61 [poisoned by an orc wizard]
  2133 | D:3      | Slain by an orc wizard

Illustrated notes

Levels and vault maps discovered:
D:1:      saegor_arrival_simple_d, layout_basic
D:2:      minmay_alternating_diamond, layout_rooms, kennysheep_crisscross,
          nicolae_concentric_dashed_squares_mild, kennysheep_nondescript
D:3:      kennysheep_goblin_castle, layout_loops_ring, roderic_serpentine_path,
          kennysheep_orc_chapel

Skill      XL: |  1  2  3  4 |
---------------+-------------+-----
Spellcasting   | 3 4 |  4.4
Throwing       | 1 |  1.4
Fighting       | 1 |  1.0
Dodging        | |  1.7
Stealth        | |  1.4
Necromancy     | |  3.7

Action                     |  1- 3 |  4- 6 || total
---------------------------+-------+-------++-------
  Melee: Unarmed           |    51 |       ||    51
         Headbutt          |    13 |       ||    13
   Cast: Necrotise         |    58 |    22 ||    80
    Use: Scroll            |       |     5 ||     5
         Potion            |       |     2 ||     2
 Armour: Robe              |    31 |    11 ||    42
  Dodge: Dodged            |    34 |     2 ||    36
